Map: Bridgehead LE (Void)

Players

TCO - Winner!

  • Race: Protoss Protoss
  • League: Bronze

StutterStep

  • Race: Terran Terran
  • League: Bronze

VOD

Have the link to the VOD?

Description

PVT - Silver Rank 1 game
Terran opened with reaper in ghost harass - I was toss and went for a timing attack with stalker and robo. Observer was key along with shuttle for warp in.

Time

  • Played on: Sept. 18, 2015, 2:21 p.m.
  • Length: 9:07
Show
View Real Time Build Order
Export as new Build Order

TCO Protoss - Winner!

Build Orders: 1 Gate Expand 

Get SALT Encoding   

  12  0:01  Probe (Chrono Boost)  
  13  0:11  Probe (Chrono Boost)  
  14  0:18  Pylon  
  14  0:25  Probe (Chrono Boost)  
  15  0:40  Gateway  
  15  0:41  Probe (Chrono Boost)  
  16  0:51  Probe (Chrono Boost)  
  16  0:54  Assimilator  
  17  1:01  Probe (Chrono Boost)  
  18  1:11  Probe (Chrono Boost)  
  19  1:29  Nexus  
  19  1:31  Probe (Chrono Boost)  
  20  1:40  Cybernetics Core  
  20  1:50  Probe (Chrono Boost)  
  20  1:53  Assimilator  
  21  1:55  Pylon  
  21  2:09  Probe (Chrono Boost)  
  22  2:19  Probe (Chrono Boost)  
  22  2:20  Warp Gate (Chrono Boost)  
  23  2:35  Mothership Core (Chrono Boost)  
  25  2:48  Probe (Chrono Boost)  
  24  3:04  Probe (Chrono Boost)  
  24  3:05  Probe (Chrono Boost)  
  24  3:09  Stalker  
  28  3:14  Probe  
  28  3:17  Probe  
  30  3:24  Probe, Robotics Facility  
  31  3:29  Probe  
  31  3:31  Pylon  
  31  3:33  Probe, Assimilator  
  32  3:38  Assimilator  
  32  3:40  Pylon  
  32  3:41  Probe  
  34  3:43  Probe  
  35  3:52  Gateway  
  35  3:53  Probe x2  
  37  4:03  Probe  
  37  4:04  Pylon  
  37  4:05  Probe  
  39  4:12  Observer  
  39  4:13  Probe  
  41  4:17  Probe  
  41  4:19  Gateway  
  41  4:23  Probe  
  42  4:29  Probe  
  44  4:33  Probe  
  49  4:38  Immortal  
  49  4:41  Probe  
  49  4:43  Probe  
  51  4:53  Probe x2  
  46  5:02  Stalker  
  46  5:03  Stalker  
  48  5:22  Probe  
  48  5:24  Probe  
  48  5:32  Probe  
  46  5:36  Probe  
  46  5:41  Forge  
  46  5:44  Probe  
  46  5:48  Probe  
  49  5:50  Stalker, Observer  
  49  5:51  Stalker  
  49  5:54  Probe  
  54  6:00  Probe  
  55  6:04  Probe  
  57  6:11  Observer  
  57  6:12  Gateway, Protoss Ground Weapons Level 1 (Chrono Boost)  
  57  6:13  Gateway  
  57  6:14  Pylon  
  57  6:17  Probe  
  58  6:31  Probe x2  
  58  6:32  Photon Cannon  
  60  6:44  Adept x3  
  60  6:46  Probe  
  67  6:49  Pylon  
  67  6:53  Warp Prism (Chrono Boost)  
  69  7:04  Gateway  
  69  7:07  Gateway  
  69  7:11  Pylon  
  69  7:12  Stalker  
  69  7:13  Stalker x2, Pylon  
  75  7:39  Immortal (Chrono Boost)  
  79  7:47  Zealot x2  
  79  7:48  Zealot x3  
  89  7:54  Gateway  
  89  8:06  Pylon  
  89  8:11  Immortal (Chrono Boost)  
  93  8:15  Stalker x5  
  93  8:16  Stalker  
  85  8:40  Stalker x2  
  87  8:42  Zealot  
  87  8:43  Zealot x2  
  89  8:53  Stalker  
Show
View Real Time Build Order
Export as new Build Order

StutterStep Terran 

Build Orders: Reaper Expand 

Get SALT Encoding   

  12  0:01  SCV  
  13  0:13  SCV  
  14  0:18  Supply Depot  
  14  0:25  SCV  
  15  0:29  Refinery  
  15  0:39  SCV  
  16  0:45  Barracks  
  16  0:52  SCV  
  17  1:04  SCV  
  18  1:17  SCV  
  19  1:33  Reaper  
  19  1:35  Orbital Command  
  20  1:47  Command Center  
  20  1:58  Refinery  
  20  2:04  Ghost Academy  
  20  2:05  SCV  
  21  2:16  Barracks Tech Lab  
  21  2:19  SCV  
  22  2:23  Barracks  
  22  2:31  SCV  
  23  2:42  Supply Depot  
  23  2:58  SCV, Ghost  
  23  3:00  Personal Cloaking  
  26  3:16  Orbital Command  
  26  3:19  Engineering Bay  
  25  3:21  SCV  
  26  3:29  Barracks Reactor  
  26  3:35  Ghost  
  28  3:42  SCV  
  28  3:45  Refinery  
  29  3:49  Refinery  
  29  3:53  SCV  
  30  3:58  Supply Depot  
  30  4:01  SCV  
  31  4:13  Ghost  
  33  4:17  SCV  
  33  4:21  Marine  
  33  4:22  Factory  
  35  4:25  Supply Depot  
  35  4:28  Missile Turret  
  35  4:29  SCV x2  
  37  4:36  Missile Turret  
  37  5:18  Marine x2  
  37  5:19  Marauder  
  37  5:21  SCV  
  40  5:37  Starport  
  40  5:41  SCV  
  39  5:43  Marine x2, Marauder  
  39  5:44  Factory Tech Lab  
  39  5:48  SCV  
  44  5:53  SCV  
  45  6:00  SCV  
  46  6:05  SCV  
  46  6:06  Marine x2  
  46  6:08  Marauder  
  51  6:12  SCV  
  51  6:18  SCV, Barracks  
  53  6:19  Barracks x2  
  53  6:23  Supply Depot  
  53  6:24  SCV  
  53  6:25  Supply Depot  
  54  6:30  SCV  
  54  6:31  Starport Reactor  
  54  6:32  Siege Tank  
  58  6:35  Marine x2  
  58  6:36  SCV  
  61  6:42  SCV  
  62  6:47  Engineering Bay, Ghost  
  62  6:48  SCV  
  65  6:54  SCV  
  65  6:55  Terran Infantry Weapons Level 1  
  65  7:01  SCV  
  67  7:06  Armory  
  67  7:07  SCV  
  68  7:08  Marine x2  
  68  7:09  Supply Depot  
  68  7:12  Barracks Tech Lab x2  
  68  7:13  SCV, Barracks Reactor  
  71  7:26  Ghost  
  71  7:28  Marine x2  
  76  7:30  SCV  
  76  7:32  SCV  
  76  7:35  Marauder x2  
  81  7:37  Concussive Shells  
  81  7:42  SCV  
  82  7:51  Command Center  
  82  8:19  Thor  
  56  8:35  Marine x5  
  56  8:36  Marine  
Tags
 
Add a new tag
Caveats
  • Supply blocks, unpowered buildings, or Contaminate may cause inaccurate times.
  • Supply counts are checked every 10 seconds.